 Dungeon Crawl Stone Soup version 0.29.1-1-gd02db6906a (webtiles) character file.

Game seed: 8557021048223021630

2626 Zeld the Cleaver (level 9, 0/120 HPs)
             Began as a Minotaur Berserker on Oct 8, 2022.
             Was an Elder of Trog.
             Slain by a gargoyle
             ... wielding a +0 mace
              (6 damage)
             ... on level 7 of the Dungeon.
             The game lasted 00:07:41 (8920 turns).

Zeld the Cleaver (Minotaur Berserker)               Turns: 8920, Time: 00:07:41

Health: 0/120      AC: 14    Str: 25    XL:     9   Next: 34%
Magic:  8/8        EV:  9    Int:  4    God:    Trog [****..]
Gold:   103        SH:  0    Dex: 11    Spells: 8/8 levels left

rFire   . . .      SeeInvis +   a - +0 hand axe
rCold   . . .      Faith    .   (no shield)
rNeg    . . .      Spirit   .   b - +0 plate armour
rPois   .          Reflect  .   (helmet restricted)
rElec   .          Harm     .   (no cloak)
rCorr   .          Rampage  .   t - +0 pair of gloves
Will    .....                   (no boots)
Stlth   ..........              (no amulet)
HPRegen 0.30/turn               z - ring of see invisible
MPRegen 0.11/turn               (no ring)

@: berserking, very quick
A: horns 2, retaliatory headbutt
a: Renounce Religion, Berserk, Trog's Hand, Brothers in Arms


You were on level 7 of the Dungeon.
You worshipped Trog.
Trog was greatly pleased with you.
You visited 2 branches of the dungeon, and saw 8 of its levels.
You also visited: Ossuary.

You collected 397 gold pieces.
You spent 294 gold pieces at shops.

Inventory:

Hand Weapons
 a - a +0 hand axe (weapon)
Missiles
 n - 2 boomerangs
 r - 7 poisoned darts
 v - 5 datura-tipped darts
 F - a curare-tipped dart
 H - 2 atropa-tipped darts
Armour
 b - a +0 plate armour (worn)
 t - a +0 pair of gloves (worn)
Jewellery
 z - a ring of see invisible (left hand)
Wands
 G - a wand of paralysis (5)
Scrolls
 d - a scroll of summoning {unknown}
 e - a scroll of magic mapping {unknown}
 f - 2 scrolls of fog {unknown}
 g - 4 scrolls of vulnerability {unknown}
 h - 7 scrolls of identify {unknown}
 i - 2 scrolls of teleportation {unknown}
 j - 3 scrolls of poison {unknown}
 m - a scroll of immolation {unknown}
 p - 2 scrolls of enchant weapon {unknown}
 y - a scroll of amnesia {unknown}
 A - a scroll of brand weapon {unknown}
 D - a scroll of noise {unknown}
Potions
 c - 5 potions of heal wounds {unknown}
 k - 3 potions of lignification {unknown}
 l - 5 potions of mutation {unknown}
 o - 6 potions of curing
 q - 3 potions of haste
 s - 3 potions of degeneration {unknown}
 u - a potion of attraction {unknown}
 w - 2 potions of flight {unknown}
 x - 2 potions of ambrosia {unknown}
 B - a potion of cancellation {unknown}
 C - a potion of might {unknown}
 E - a potion of magic


   Skills:
 + Level 7.7 Fighting
 * Level 10.4 Axes
 + Level 7.2 Armour
 + Level 6.5 Dodging


You had 8 spell levels left.
You didn't know any spells.
Your spell library was empty.

Dungeon Overview and Level Annotations

Branches:
Dungeon (7/15)             Temple (1/1) D:5         Ossuary (visited)

Altars:
Ashenzari
Cheibriados
Dithmenos
Elyvilon
Fedhas
Gozag
Hepliaklqana
Kikubaaqudgha
Nemelex Xobeh
Okawaru
Qazlal
Ru
Sif Muna
Uskayaw
Vehumet
Wu Jian
Xom
Yredelemnul
Zin
The Shining One

Shops:
D:6 :!


Innate Abilities, Weirdness & Mutations

You have a pair of horns on your head.
You reflexively headbutt those who attack you in melee.


Message History

h - 7 scrolls labelled KAIDOG HISOD (gained 1)
There is an open door here.
You see here a +0 mace.
You open the door. You open the door.
A gargoyle comes into view. It is wielding a +0 mace.
Found a potion of curing.
A gargoyle is nearby!
You hit the gargoyle but do no damage. The gargoyle hits you with a +0 mace!
You hit the gargoyle.
The gargoyle is lightly damaged.
You hit the gargoyle but do no damage.
The gargoyle is lightly damaged.
The gargoyle hurls a stone arrow at you.
The stone arrow hits you!!
You hit the gargoyle but do no damage.
The gargoyle is lightly damaged.
The gargoyle hurls a stone arrow at you.
The stone arrow hits you!!
You closely miss the gargoyle.
The gargoyle is lightly damaged.
The gargoyle hits you with a +0 mace!
* * * LOW HITPOINT WARNING * * *
You are too injured to fight recklessly!
You hit the gargoyle but do no damage.
You headbutt the gargoyle, but do no damage.
The gargoyle is lightly damaged.
The gargoyle hurls a stone arrow at you.
The stone arrow hits you!
* * * LOW HITPOINT WARNING * * *
You are too injured to fight recklessly!
You barely miss the gargoyle. You headbutt the gargoyle!
The gargoyle is heavily damaged.
A red film seems to cover your vision as you go berserk!
You feel yourself moving faster!
You feel mighty! The gargoyle barely misses you.
You hit the gargoyle but do no damage.
The gargoyle is heavily damaged.
The gargoyle hits you with a +0 mace.
You die...

..........####..###
.#.#..............###
..........#######...#
......#.###[###8###.##
........#.##).'##8#..#
.......###).....'###.#
...#...#8#.......#!#.#
...###...........9##.#
....#........8..@.##.#
.................+##.#
....##.#8#.......# #.#
#..# #.###+.....+###.#
...###..# ##+.+## #..#
........### ### ###.##
..........#######...#
#.....#...........###
#...........#######


You could see a gargoyle.

Vanquished Creatures
  2 gargoyles (D:7)
  A steam dragon (D:6)
  3 ice beasts (D:6)
  2 black bears (D:6)
  An ogre (D:7)
  A kobold brigand (D:7)
  2 necrophages
  4 water moccasin zombies (Ossuary)
  3 wights (D:7)
  3 jellies
  5 hounds
  2 iguanas
  8 orc wizards
  2 mummies (Ossuary)
  7 gnolls (D:5)
  10 adders
  A shadow imp (D:6)
  A white imp (D:6)
  An ufetubus (D:7)
  4 adder zombies (Ossuary)
  3 worms
  3 dart slugs
  12 orcs
  8 endoplasms
  2 giant cockroaches (D:1)
  4 gnoll zombies (Ossuary)
  8 hobgoblins
  14 jackals
  5 quokkas
  3 ball pythons
  7 bats
  A frilled lizard (D:1)
  3 goblins
  3 hobgoblin zombies (Ossuary)
  15 kobolds
  6 kobold zombies (Ossuary)
  3 orc zombies (Ossuary)
  4 rats
167 creatures vanquished.

Vanquished Creatures (others)
  An orc wizard (D:4)
1 creature vanquished.

Grand Total: 168 creatures vanquished

Notes
Turn   | Place    | Note
-------+----------+-------------------------------------------
     0 | D:1      | Zeld the Minotaur Berserker began the quest for the Orb.
     0 | D:1      | Reached XP level 1. HP: 19/19 MP: 0/0
   105 | D:1      | Reached XP level 2. HP: 27/27 MP: 1/1
   124 | D:1      | Reached skill level 4 in Axes
   557 | D:1      | Reached XP level 3. HP: 31/33 MP: 2/2
   708 | D:1      | Found a faded altar of an unknown god.
  1253 | D:2      | Reached ** piety under Trog
  1858 | D:3      | Reached XP level 4. HP: 19/40 MP: 3/3
  2103 | D:3      | Reached skill level 5 in Axes
  2659 | D:3      | Found a broken altar of Ashenzari.
  2896 | D:3      | Found a shimmering blue altar of Sif Muna.
  3277 | D:4      | Reached XP level 5. HP: 37/47 MP: 4/4
  3691 | D:4      | Reached XP level 6. HP: 55/55 MP: 5/5
  3693 | D:4      | Reached skill level 6 in Axes
  3716 | D:4      | Reached skill level 5 in Fighting
  4832 | D:5      | Entered Level 5 of the Dungeon
  4870 | D:5      | Found a staircase to the Ecumenical Temple.
  5155 | Temple   | Entered the Ecumenical Temple
  5377 | D:5      | Reached XP level 7. HP: 52/61 MP: 6/6
  5380 | D:5      | Reached *** piety under Trog
  5745 | D:5      | Noticed a +0 dagger
  5745 | D:5      | Noticed a +0 dagger
  5746 | D:5      | Found a hide-covered altar of Uskayaw.
  5818 | D:5      | Reached skill level 7 in Axes
  5823 | D:5      | Identified the +2 helmet of Action {Int+4}
  5945 | D:5      | Found a radiant altar of Vehumet.
  6241 | D:6      | Reached skill level 5 in Armour
  6496 | D:6      | Noticed a steam dragon
  6504 | D:6      | Killed a steam dragon
  6581 | D:6      | Found Meskar's Book Shoppe.
  6632 | D:6      | Found a sand-covered staircase.
  6679 | Ossuary  | Entered an ossuary
  6730 | Ossuary  | Reached skill level 8 in Axes
  6730 | Ossuary  | Reached XP level 8. HP: 70/70 MP: 7/7
  6793 | Ossuary  | Reached skill level 5 in Dodging
  6978 | D:6      | Found Itigew's Distillery.
  6984 | D:6      | Bought a potion of curing for 42 gold pieces
  6984 | D:6      | Bought a potion of haste for 140 gold pieces
  6984 | D:6      | Bought a potion of magic for 112 gold pieces
  7293 | D:6      | Reached **** piety under Trog
  7810 | D:6      | Reached skill level 9 in Axes
  8321 | D:7      | Found an opulent altar of Gozag.
  8328 | D:7      | Found an iron altar of Okawaru.
  8404 | D:7      | Reached XP level 9. HP: 35/74 MP: 8/8
  8820 | D:7      | Noticed a gargoyle
  8832 | D:7      | Killed a gargoyle
  8833 | D:7      | Reached skill level 10 in Axes
  8894 | D:7      | Noticed a gargoyle
  8897 | D:7      | Killed a gargoyle
  8911 | D:7      | Noticed a gargoyle
  8917 | D:7      | HP: 3/80 [gargoyle/stone arrow (17)]
  8920 | D:7      | Slain by a gargoyle

Illustrated notes

Levels and vault maps discovered:
D:1:      psy_arrival_basics, layout_loops_cross,
          shapermc_ecumenical_altar_venn, minivault_24, minmay_pentomino_x2
D:2:      layout_loops_cross
D:3:      layout_loops_ring, nicolae_sif_muna_little_library, ashenzari_altar_1
D:4:      wander_river, layout_rooms, minmay_a_box_with_orc_wizards_in_it
D:5:      layout_basic, dancing_weapons_uskayaw, kennysheep_mini, temple_pool_b
D:6:      layout_loops_corners, nicolae_ossuary_entry_false_entrances,
          serial_shops, shop_fountains, shop, mrwooster_statue_mirror,
          roderic_lattice_a
D:7:      cheibrodos_statue_roulette, layout_cave_pools,
          grunt_temple_overflow_open, hangedman_decor_diamond_cutter
Temple:   zaba_magenta_temple

Skill      XL: |  1  2  3  4  5  6  7  8  9 |
---------------+----------------------------+-----
Axes           | 4 5 6 8 9 10 | 10.4
Fighting       | 4 5 6 7 |  7.7
Armour         | 3 4 5 6 7 |  7.2
Dodging        | 3 4 6 |  6.5

Action                   |  1- 3 |  4- 6 |  7- 9 || total
-------------------------+-------+-------+-------++-------
Melee: Hand axe          |    80 |   172 |   287 ||   539
       Headbutt          |    10 |    22 |    47 ||    79
       Punch             |       |       |     9 ||     9
Throw: Dart              |       |     1 |       ||     1
Invok: Berserk           |     1 |     4 |     4 ||     9
       Trog's Hand       |       |     1 |       ||     1
 Stab: Sleeping          |       |     2 |       ||     2
Armor: Animal skin       |    13 |     6 |       ||    19
       Plate armour      |       |    93 |   170 ||   263
Dodge: Dodged            |    61 |    73 |   110 ||   244
